 Dungeon Crawl Stone Soup version 0.25.1-2-g60ff931df9 (webtiles) character file.

Game seed: 8241218383389975578

49 DildoBatman the Magician (level 4, 0/30 HPs)
             Began as a Formicid Wizard on Sept 13, 2020.
             Slain by a worker ant (3 damage)
             ... on level 4 of the Dungeon.
             The game lasted 00:02:59 (1803 turns).

DildoBatman the Magician (Formicid Wizard)          Turns: 1803, Time: 00:02:59

Health: 0/30       AC:  5    Str: 12    XL:     4   Next: 1%
Magic:  4/8        EV: 12    Int: 18    God:
Gold:   116        SH:  0    Dex:  9    Spells: 8/9 levels left

rFire    . . .     SeeInvis +   f - +0 club
rCold    + . .     Gourm    .   (no shield)
rNeg     . . .     Faith    .   a - +0 robe
rPois    .         Spirit   .   (helmet unavailable)
rElec    .         Reflect  .   (no cloak)
rCorr    .         Harm     .   g - +2 pair of gloves
MR       .....                  (no boots)
Stlth    ++........             (no amulet)
HPRegen  0.10/turn              e - ring of protection from cold
MPRegen  0.11/turn              l - ring of flight

@: no status effects
A: permanent stasis, dig shafts and tunnels, four strong arms, antennae 3
a: Dig, Shaft Self, Evoke Flight


You were on level 4 of the Dungeon.
You were not hungry.

You visited 1 branch of the dungeon, and saw 3 of its levels.

You collected 116 gold pieces.

Inventory:

Hand Weapons
 f - a +0 club (weapon)
Missiles
 d - 6 boomerangs (quivered)
 h - 21 bolts
 i - 39 arrows
 k - 16 stones
Armour
 a - a +0 robe (worn)
 g - a +2 pair of gloves (worn)
Jewellery
 e - a ring of protection from cold (left hand)
 l - a ring of flight (right hand)
Wands
 m - a wand of polymorph (7)
Scrolls
 b - 2 scrolls of remove curse {unknown}
Potions
 c - a potion of lignification {unknown}
 j - a potion of heal wounds {unknown}
 n - a potion of degeneration {unknown}
Comestibles
 v - 4 rations


   Skills:
 - Level 1.7 Dodging
 - Level 2.4 Stealth
 - Level 3.2 Spellcasting
 * Level 3.2 Conjurations
   Level 1.0 Summonings
   Level 0.8 Translocations


You had 8 spell levels left.
You knew the following spells:

 Your Spells              Type           Power        Failure   Level  Hunger
c - Magic Dart            Conj           ##..         4%          1    None

Your spell library contained the following spells:

 Spells                   Type           Power        Failure   Level  Hunger
 Call Imp                 Summ           #.......     16%         2    ##.....
 Slow                     Hex            #.......     24%         2    ##.....
 Conjure Flame            Conj/Fire      #.......     24%         3    ###....
 Mephitic Cloud           Conj/Pois/Air  #.......     30%         3    ###....
 Blink                    Tloc           Unusable     N/A         2    N/A

Dungeon Overview and Level Annotations

Branches:
Dungeon (2/15)

Altars:
Gozag
Zin


Innate Abilities, Weirdness & Mutations

You cannot be hasted, slowed, berserked, paralysed or teleported.
You can dig through walls and to a lower floor.
Your four strong arms can wield two-handed weapons with a shield.
You have a pair of large antennae on your head. (SInv)


Message History

Anything else - Cancel.
You shout for attention!
The leopard gecko closely misses you. The worker ant misses you.
The adder bites you. The adder skeleton barely misses you.
The worker ant closely misses you.
The leopard gecko bites you but does no damage.
The worker ant closely misses you. What are your orders? t - Shout!
Orders for allies: a - Attack new target. r - Retreat! s - Stop attacking. g - Guard the area. f - Follow me.
Anything else - Cancel.
You shout for attention!
The adder bites you but does no damage. The adder skeleton barely misses you.
The worker ant bites you.
You die...

.# .# # ...#
.#. .. .#
#.######a#
......S@a#
......Zl.......
#.######.#.....
.# ..(. .# ...
.# .. .# . .#


You could see 2 worker ants, an adder, a leopard gecko and an adder skeleton.

Vanquished Creatures
  An adder (D:2)
  A worm (D:2)
  2 dart slugs (D:1)
  4 bats
  A giant cockroach (D:1)
  5 hobgoblins
  3 jackals (D:1)
  A frilled lizard (D:1)
  4 goblins (D:1)
  2 kobolds (D:2)
  7 rats
31 creatures vanquished.

Notes
Turn   | Place    | Note
-------+----------+-------------------------------------------
     0 | D:1      | DildoBatman the Formicid Wizard began the quest for the
                  | Orb.
     0 | D:1      | Reached XP level 1. HP: 13/13 MP: 4/4
   182 | D:1      | Reached skill level 1 in Conjurations
   395 | D:1      | Reached XP level 2. HP: 9/19 MP: 1/6
   826 | D:1      | Reached XP level 3. HP: 24/24 MP: 5/7
  1544 | D:2      | Found an opulent altar of Gozag.
  1545 | D:2      | Found a glowing silver altar of Zin.
  1770 | D:2      | Reached XP level 4. HP: 26/30 MP: 0/8
  1787 | D:2      | You fall into a shaft and drop 2 floors!
  1803 | D:4      | Slain by a worker ant

Illustrated notes

Levels and vault maps discovered:
D:1:      dpeg_cavernosity, layout_basic
D:2:      layout_loops_ring, grunt_temple_overflow_gold_and_silver, tgw_trog,
          lemuel_coloured_pillars_altar
D:4:      layout_basic, cheibriados_altar_1, minmay_temple_entry_grid

Skill      XL: |  1  2  3 |
---------------+----------+-----
Conjurations   | 1 2 3 |  3.2
Dodging        | |  1.7
Stealth        | |  2.4
Spellcasting   | |  3.2
Summonings     | |  1.0
Translocations | |  0.8

Action                   |  1- 3 |  4- 6 || total
-------------------------+-------+-------++-------
Melee: Unarmed           |     7 |       ||     7
       Club              |    41 |       ||    41
 Cast: Magic Dart        |    69 |       ||    69
 Abil: Dig               |     1 |       ||     1
       Shaft Self        |       |     1 ||     1
 Stab: Sleeping          |     2 |       ||     2
  Eat: Chunk             |     3 |       ||     3
Armor: Robe              |    21 |    15 ||    36
Dodge: Dodged            |    50 |    28 ||    78
